 Dungeon Crawl Stone Soup version 0.19-a0-1932-g59670f6 (webtiles) character file.

273 varam the Cudgeler (level 6, -2/51 HPs)
             Began as a Centaur Monk on Oct 25, 2016.
             Killed from afar by an orc wizard (8 damage)
             ... with a magic dart
             ... on level 3 of the Dungeon.
             The game lasted 00:06:33 (3374 turns).

varam the Cudgeler (Centaur Monk)                   Turns: 3374, Time: 00:06:34

Health: -2/51      AC:  4    Str: 13    XL:     6   Next: 3%
Magic:  6/6        EV: 10    Int:  9    God:
Gold:   166        SH:  0    Dex: 14    Spells: 1 memorised, 3 levels left

rFire  . . .     SeeInvis .     q - +0 flail
rCold  . . .     Gourm    .     v - +0 leather armour (curse)
rNeg   . . .     Faith    .     (no shield)
rPois  .         Spirit   .     (no helmet)
rElec  .         Reflect  .     (no cloak)
rCorr  .         Harm     .     (no gloves)
MR     .....                    (no barding)
Stlth  ..........               (no amulet)
                                (no ring)
                                (no ring)

@: confused, very quick
A: hooves 3, deformed body, speed 2, tough skin 3
a: no special abilities


You were on level 3 of the Dungeon.
You were hungry.

You visited 1 branch of the dungeon, and saw 4 of its levels.

You collected 166 gold pieces.

Inventory:

Hand Weapons
 a - a +0 mace
 q - a +0 flail (weapon)
Missiles
 l - 47 bolts
 z - 3 javelins (quivered)
Armour
 b - a +0 robe
 v - a cursed +0 leather armour (worn)
 y - a +0 cloak
Jewellery
 p - a cursed -5 ring of evasion {unknown}
 r - an uncursed ring of ice {unknown}
Scrolls
 d - a scroll of fear {unknown}
 f - a scroll of immolation {unknown}
 h - a scroll of remove curse {unknown}
 i - 2 scrolls of teleportation {unknown}
 m - a scroll of identify {unknown}
 o - a scroll of enchant weapon {unknown}
 w - a scroll of blinking {unknown}
Potions
 e - 2 potions of berserk rage {unknown}
 g - 3 potions of heal wounds {unknown}
 k - a potion of flight {unknown}
 n - a potion of ambrosia {unknown}
 s - a potion of invisibility {unknown}
 u - a potion of might {unknown}
 B - a potion of cure mutation {unknown}
 C - a potion of curing {unknown}
Books
 t - a book of Minor Magic

   Spells                             Type                      Level
   a - Magic Dart                     Conjuration                  1
   b - Blink                          Translocation                2
   c - Call Imp                       Summoning                    2
   d - Repel Missiles                 Charms/Air                   2
   e - Slow                           Hexes                        2
   f - Conjure Flame                  Conjuration/Fire             3
   g - Mephitic Cloud                 Conjuration/Poison/Air       3
Comestibles
 c - 5 bread rations
 j - 3 fruits
 x - a slice of pizza
 A - 14 chunks of flesh


   Skills:
 - Level 3.0 Fighting
 + Level 6.1 Maces & Flails
 - Level 2.1 Dodging
 - Level 1.1 Stealth
 + Level 0.3 Charms


You had 3 spell levels left.
You knew the following spells:

 Your Spells              Type           Power        Failure   Level  Hunger
a - Repel Missiles        Chrm/Air       #.....       78%         2    ###....


Dungeon Overview and Level Annotations

Branches:
Dungeon (4/15)
 Temple: D:4-7

Altars:
Dithmenos
Elyvilon
Sif Muna

Annotations:
D:3 Lochraine's ghost, amateur DECj


Innate Abilities, Weirdness & Mutations

You have hooves in place of feet.
Armour fits poorly on your strangely shaped body.
You cover ground very quickly.
You have extremely tough skin. (AC +3)


Message History

The orc wizard hits you with a dagger.
* * * LOW HITPOINT WARNING * * *
The gnoll closely misses you.
You hit the orc wizard but do no damage.
You kick the orc wizard, but do no damage.
The orc wizard points at you and mumbles some strange words.
The puff of flame hits you!
* * * LOW HITPOINT WARNING * * *
You sock the orc wizard!
The orc wizard is severely wounded.
The orc wizard barely misses you.
You closely miss the orc wizard. Your kick misses the orc wizard.
The orc wizard is severely wounded.
The orc wizard points at you and mumbles some strange words.
You are confused.
The gnoll barely misses you.
You bump into the rock wall.
The orc wizard casts a spell at you. The magic dart hits you!
You die...

### ### #.. ..# #####.#
#.## ...#.#####..##
####.#.##....#.#
#.........##..# #
#.##.#.#####..#########
#.##†##g#ggo@....).......#
#......g################.#
# ######.#### #.#
###.#⌠##)....# ##.####
#.#.#..#.###.# #...(..
.......#go #..###.
......_#.. #...#
#.#.#.###o# #.#.# #.#.#.#
.. #.#.##.


You could see an orc wizard and 2 gnolls.

Vanquished Creatures
  A crimson imp (D:3)
  An orc wizard (D:4)
  Ijyb (D:2)
  Terence (D:1)
  An iguana (D:3)
  5 adders
  A gnoll (D:3)
  A shadow imp (D:4)
  An ooze (D:3)
  A dart slug (D:1)
  A leopard gecko (D:2)
  8 orcs
  5 bats
  2 giant cockroaches
  8 goblins
  4 hobgoblins
  2 jackals (D:1)
  A frilled lizard (D:2)
  4 kobolds
  19 rats
68 creatures vanquished.

Notes
Turn   | Place    | Note
-------+----------+-------------------------------------------
     0 | D:1      | varam the Centaur Monk began the quest for the Orb.
     0 | D:1      | Reached XP level 1. HP: 19/19 MP: 1/1
   164 | D:2      | Reached skill level 3 in Maces & Flails
   182 | D:2      | Noticed Ijyb
   201 | D:2      | Noticed Terence
   214 | D:2      | Found a white marble altar of Elyvilon.
   338 | D:1      | Reached XP level 2. HP: 26/26 MP: 2/2
   849 | D:1      | Reached XP level 3. HP: 20/31 MP: 3/3
  1352 | D:1      | Killed Terence
  1352 | D:1      | Reached skill level 4 in Maces & Flails
  1595 | D:2      | Killed Ijyb
  1595 | D:2      | Reached XP level 4. HP: 25/38 MP: 4/4
  1897 | D:3      | Reached skill level 5 in Maces & Flails
  1915 | D:3      | Reached XP level 5. HP: 15/45 MP: 5/5
  1932 | D:3      | Noticed Lochraine's ghost (amateur DECj)
  2266 | D:4      | Learned a level 2 spell: Repel Missiles
  2734 | D:3      | Reached skill level 6 in Maces & Flails
  2855 | D:3      | Found a deep blue altar of Sif Muna.
  2856 | D:3      | Found a shadowy altar of Dithmenos.
  3350 | D:3      | Reached XP level 6. HP: 51/51 MP: 6/6
  3374 | D:3      | Killed from afar by an orc wizard

Vault maps used:
D:1:      dpeg_arrival_castle, minmay_rat_gold_closets
D:2:      elyvilon_altar_3, uniq_iyjb, uniq_terence
D:3:      minitemple
D:4:      uniq_natasha, uniq_eustachio, uniq_duvessa

Skill      XL: |  1  2  3  4  5 |
---------------+----------------+-----
Maces & Flails | 3 4 5 6 |  6.1
Fighting       | |  3.0
Dodging        | |  2.1
Stealth        | |  1.1
Charms         | |  0.3

Action                   |  1- 3 |  4- 6 || total
-------------------------+-------+-------++-------
Melee: Mace              |   117 |    13 ||   130
       Kick              |    21 |    25 ||    46
       Flail             |       |    86 ||    86
 Cast: Repel Missiles    |       |     1 ||     1
  Eat: Chunk             |     1 |     5 ||     6
Armor: Robe              |    52 |    13 ||    65
       Leather armour    |       |    12 ||    12
Dodge: Dodged            |    75 |    63 ||   138
       Deflected         |       |     1 ||     1
